Coyotes vs Maple Leafs
Created - November 23, 2018 at 19:05
Goals
|
Coyotes |
0 |
1 |
1 |
2 |
Maple Leafs |
2 |
1 |
1 |
4 |
|
Shots
|
Coyotes |
8 |
10 |
14 |
32 |
Maple Leafs |
8 |
10 |
13 |
31 |
|
1st period
1. Maple Leafs , Artemi Panarin 8 (Jordan Staal 11, Claude Giroux 16) at 15:08 (PP)
2. Maple Leafs , Jordan Staal 8 (Claude Giroux 17, Artemi Panarin 4) at 18:07 (PP)
Penalties :
Maxim Talbot (Ari) for Interference (Minor) at 1:46, Brad Richards (Ari) for Holding (Minor) at 7:18, Zach Parise (Ari) for Hooking (Minor) at 13:26, Thomas Hickey (Ari) for Roughing (Double Minor) at 17:53
2nd period
3. Maple Leafs , Claude Giroux 10 (Ryan Parent 3, Jordan Staal 12) at 16:33
4. Coyotes , Tyler Ennis 16 (Marian Gaborik 16, Brad Richards 17) at 18:15
Penalties :
Claude Giroux (Tor) for High sticking (Minor) at 2:28, Jeremy Morin (Tor) for Hooking (Minor) at 19:55
3rd period
5. Coyotes , Chris Stewart 2 (Maxim Talbot 3, Zach Parise 8) at 10:09
6. Maple Leafs , Gilbert Brule 3 (Fabian Brunnstrom 6, John Klingberg 7) at 19:38 (PP)
Penalties :
Claude Giroux (Tor) for Roughing (Minor) at 13:29, Marian Gaborik (Ari) for Hooking (Minor) at 18:40
Goalie Stats
Maxime Daigneault (Ari), 27 saves from 31 shots - (0.871), L, 9-3-0, 60:00 minutes
Marc-André Fleury (Tor), 30 saves from 32 shots - (0.938), W, 8-7-0, 60:00 minutes
Players Stats for Coyotes
Player Name G A P +/- PIM S H SB GA TA FO MP PP MP PK MP
------------------------------------------------------------------------------------
Anton Stralman 0 0 0 1 0 1 2 3 0 0 0/0 27:08 3:52 4:24
Brad Richards 0 1 1 1 2 4 4 0 1 0 12/23 19:32 3:33 1:59
Brooks Laich 0 0 0 0 0 0 0 0 0 0 3/3 6:34 0:00 0:00
Chad Larose 0 0 0 0 0 1 1 1 0 0 1/9 12:52 0:00 5:39
Chris Stewart 1 0 1 1 0 2 0 0 0 0 0/0 9:53 0:00 0:00
Greg Zanon 0 0 0 0 0 2 0 0 0 1 0/0 17:01 0:00 4:27
Josh Gorges 0 0 0 0 0 0 0 4 0 1 0/0 20:57 2:05 4:27
Kristopher Letang 0 0 0 1 0 1 2 1 0 1 0/0 27:08 3:52 4:24
Marek Svatos 0 0 0 -1 0 3 0 0 0 1 0/1 16:30 2:24 0:00
Marian Gaborik 0 1 1 1 2 4 0 0 0 0 1/3 17:08 3:33 0:00
Martin Samuelsson 0 0 0 1 0 4 2 0 0 1 0/0 15:36 0:00 5:04
Maxim Talbot 0 1 1 1 2 2 4 0 1 0 3/7 11:46 0:00 1:30
Michael Del Zotto 0 0 0 0 0 0 0 1 0 2 0/0 15:51 2:05 0:00
Nazem Kadri 0 0 0 -1 0 0 0 0 0 0 10/18 16:46 2:24 0:16
Ryane Clowe 0 0 0 0 0 1 0 0 0 0 0/1 7:27 0:00 0:53
Thomas Hickey 0 0 0 0 4 0 0 0 0 0 0/0 12:32 0:00 0:00
Tyler Ennis 1 0 1 1 0 5 2 2 0 0 2/2 17:09 3:33 0:00
Zach Parise 0 1 1 -1 2 2 1 1 0 0 1/1 19:14 2:24 2:21
Players Stats for Maple Leafs
Player Name G A P +/- PIM S H SB GA TA FO MP PP MP PK MP
------------------------------------------------------------------------------------
Artemi Panarin 1 1 2 -1 0 2 2 2 0 0 2/4 21:49 5:16 2:30
Ben Smith 0 0 0 0 0 1 3 0 0 0 1/1 14:40 3:35 0:00
Blake Comeau 0 0 0 0 0 2 0 1 0 0 1/1 10:47 0:00 0:00
Braydon Coburn 0 0 0 0 0 0 2 4 1 1 0/0 20:16 2:11 3:21
Claude Giroux 1 2 3 -1 4 6 0 1 1 0 3/5 20:36 5:16 1:01
Eric Nystrom 0 0 0 0 0 0 2 0 0 0 3/5 13:29 0:00 2:26
Fabian Brunnstrom 0 1 1 0 0 2 1 0 1 0 0/0 14:40 3:35 0:00
Gilbert Brule 1 0 1 0 0 2 2 0 2 0 6/10 15:21 3:35 0:46
Jeremy Morin 0 0 0 0 2 2 2 0 0 0 0/0 8:58 0:00 0:00
John Klingberg 0 1 1 -1 0 2 1 2 0 0 0/0 25:05 6:40 0:00
Jordan Staal 1 2 3 -1 0 4 3 1 1 0 16/33 23:02 5:16 3:14
Marc-Édouard Vlasic 0 0 0 0 0 2 3 0 0 1 0/0 16:23 2:11 0:00
Mark Scheifele 0 0 0 0 0 0 0 0 0 0 2/7 13:24 0:00 1:57
Ryan Parent 0 1 1 0 0 0 0 0 0 0 0/0 14:39 0:00 2:36
T.J Galiardi 0 0 0 0 0 1 1 1 0 0 0/0 8:37 0:00 0:00
Taylor Chorney 0 0 0 0 0 1 2 0 0 0 0/0 14:30 0:00 3:21
Tobias Enstrom 0 0 0 -1 0 4 6 3 1 0 0/0 29:07 6:40 2:36
Zac Dalpe 0 0 0 0 0 0 0 0 0 0 1/2 8:37 0:00 0:00
3 Stars
1 - Jordan Staal (Tor)
2 - Artemi Panarin (Tor)
3 - Gilbert Brule (Tor)
Power Play
Coyotes - 0 on 3 Attempt(s) - 0.00%
Maple Leafs - 3 on 6 Attempt(s) - 50.00%
Penalty Kill
Coyotes - 3 on 6 Attempt(s) - 50.00%
- Score 0 goal in Penalty Kill
Maple Leafs - 3 on 3 Attempt(s) - 100.00%
- Score 0 goal in Penalty Kill
Team Stat
Coyotes - Hits : 18 - Faceoff Wins : 33 - Blocked Shots : 13 - Penalty Minutes : 12
Maple Leafs - Hits : 30 - Faceoff Wins : 35 - Blocked Shots : 15 - Penalty Minutes : 6
Official
Referees : Unknown
Linesman : Unknown
Game Notes
No Game Note
Finance
Level 1 -- Attendance: 5878 (97.97%) -- Ticket Income $529,020
Level 2 -- Attendance: 4750 (95.00%) -- Ticket Income $261,250
Level 3 -- Attendance: 2000 (100.00%) -- Ticket Income $72,000
Level 4 -- Attendance: 4000 (100.00%) -- Ticket Income $100,000
Luxury Box -- Attendance: 904 (90.40%) -- Ticket Income $140,120
Game was played at the Maple Leafs Garden.
Total Attendance: 17532 (97.40%)
Total Ticket Income: $1,102,390
Other Income: $165,358
Total Income: $1,267,748
Coyotes
5 vs 5 Forward
Center Left Wing Right Wing Time % Phy DF OF
1 Brad Richards Tyler Ennis Marian Gaborik 40 0 2 3
2 Nazem Kadri Zach Parise Marek Svatos 30 0 2 3
3 Maxim Talbot Martin Samuelsson Chris Stewart 20 1 2 2
4 Brooks Laich Ryane Clowe Chad Larose 10 1 2 2
5 vs 5 Defense
Defense Defense Time % Phy DF OF
1 Kristopher Letang Anton Stralman 40 0 3 2
2 Josh Gorges Michael Del Zotto 32 0 3 2
3 Greg Zanon Thomas Hickey 28 0 3 2
4 Kristopher Letang Anton Stralman 0 1 2 2
PowerPlay Forward
Center Left Wing Right Wing Time % Phy DF OF
1 Brad Richards Tyler Ennis Marian Gaborik 60 0 1 4
2 Nazem Kadri Zach Parise Marek Svatos 40 0 1 4
PowerPlay Defense
Defense Defense Time % Phy DF OF
1 Kristopher Letang Anton Stralman 60 0 2 3
2 Josh Gorges Michael Del Zotto 40 0 2 3
Penalty Kill 4 Players Forward
Center Wing Time % Phy DF OF
1 Chad Larose Martin Samuelsson 60 1 3 1
2 Brad Richards Zach Parise 40 1 3 1
Penalty Kill 4 Players Defense
Defense Defense Time % Phy DF OF
1 Greg Zanon Josh Gorges 60 1 4 0
2 Anton Stralman Kristopher Letang 40 1 4 0
Penalty Kill - 3 Players Forward
Forward Time % Phy DF OF
1 Marian Gaborik 60 1 3 1
2 Brad Richards 40 1 3 1
Penalty Kill - 3 Players Defense
Defense Defense Time % Phy DF OF
1 Kristopher Letang Anton Stralman 60 1 4 0
2 Josh Gorges Greg Zanon 40 1 4 0
4 vs 4 Forward
Center Wing Time % Phy DF OF
1 Marian Gaborik Brad Richards 60 1 2 2
2 Tyler Ennis Zach Parise 40 1 2 2
4 vs 4 Defense
Defense Defense Time % Phy DF OF
1 Kristopher Letang Anton Stralman 60 1 2 2
2 Josh Gorges Greg Zanon 40 1 2 2
Last Minutes Offensive
Center Left Wing Right Wing Defense Defense
Brad Richards Tyler Ennis Marian Gaborik Kristopher Letang Anton Stralman
Last Minutes Defensive
Center Left Wing Right Wing Defense Defense
Brad Richards Tyler Ennis Marian Gaborik Kristopher Letang Anton Stralman
Goaltenders
Starting : Maxime Daigneault
Backup : Cam Ward
Extra Forwards
Normal : Chris Stewart, Brooks Laich, Ryane Clowe - PP : Chris Stewart, Brooks Laich - PK : Maxim Talbot
Extra Defensemen
Normal : Michael Del Zotto, Thomas Hickey, Josh Gorges - PP : Michael Del Zotto - PK : Thomas Hickey, Josh Gorges
Penalty Shots
Marian Gaborik, Brad Richards, Tyler Ennis, Zach Parise, Nazem Kadri
Scratches
None
Maple Leafs
5 vs 5 Forward
Center Left Wing Right Wing Time % Phy DF OF
1 Jordan Staal Artemi Panarin Claude Giroux 40 1 2 2
2 Mark Scheifele Fabian Brunnstrom Ben Smith 30 1 2 2
3 Gilbert Brule Eric Nystrom Blake Comeau 20 1 2 2
4 Zac Dalpe T.J Galiardi Jeremy Morin 10 1 2 2
5 vs 5 Defense
Defense Defense Time % Phy DF OF
1 Tobias Enstrom John Klingberg 40 1 2 2
2 Braydon Coburn Marc-Édouard Vlasic 30 1 2 2
3 Taylor Chorney Ryan Parent 20 1 2 2
4 Tobias Enstrom Braydon Coburn 10 1 2 2
PowerPlay Forward
Center Left Wing Right Wing Time % Phy DF OF
1 Jordan Staal Artemi Panarin Claude Giroux 60 1 2 2
2 Gilbert Brule Fabian Brunnstrom Ben Smith 40 1 2 2
PowerPlay Defense
Defense Defense Time % Phy DF OF
1 Tobias Enstrom John Klingberg 60 1 2 2
2 Marc-Édouard Vlasic Braydon Coburn 40 1 2 2
Penalty Kill 4 Players Forward
Center Wing Time % Phy DF OF
1 Claude Giroux Jordan Staal 60 1 2 2
2 Gilbert Brule Artemi Panarin 40 1 2 2
Penalty Kill 4 Players Defense
Defense Defense Time % Phy DF OF
1 Taylor Chorney Braydon Coburn 60 1 2 2
2 Tobias Enstrom Ryan Parent 40 1 2 2
Penalty Kill - 3 Players Forward
Forward Time % Phy DF OF
1 Claude Giroux 60 1 2 2
2 Jordan Staal 40 1 2 2
Penalty Kill - 3 Players Defense
Defense Defense Time % Phy DF OF
1 Taylor Chorney Braydon Coburn 60 1 2 2
2 Tobias Enstrom Ryan Parent 40 1 2 2
4 vs 4 Forward
Center Wing Time % Phy DF OF
1 Claude Giroux Jordan Staal 60 1 2 2
2 Gilbert Brule Artemi Panarin 40 1 2 2
4 vs 4 Defense
Defense Defense Time % Phy DF OF
1 Tobias Enstrom Braydon Coburn 60 1 2 2
2 Taylor Chorney Ryan Parent 40 1 2 2
Last Minutes Offensive
Center Left Wing Right Wing Defense Defense
Jordan Staal Artemi Panarin Claude Giroux Tobias Enstrom John Klingberg
Last Minutes Defensive
Center Left Wing Right Wing Defense Defense
Jordan Staal Artemi Panarin Claude Giroux Taylor Chorney Braydon Coburn
Goaltenders
Starting : Marc-André Fleury
Backup : Thomas McCollum
Extra Forwards
Normal : Mark Scheifele, Ben Smith, Eric Nystrom - PP : Mark Scheifele, Ben Smith - PK : Eric Nystrom
Extra Defensemen
Normal : Marc-Édouard Vlasic, John Klingberg, Taylor Chorney - PP : Marc-Édouard Vlasic - PK : Ryan Parent, Taylor Chorney
Penalty Shots
Claude Giroux, Jordan Staal, Gilbert Brule, Artemi Panarin, Fabian Brunnstrom
Scratches
Alex Killorn (Healthy)
% Time on Ice - Coyotes
Lines # - Real PCT - Wanted PCT - Time Play
Normal Forward
1 - 32% - 40% - 14:15
2 - 32% - 30% - 14:30
3 - 22% - 20% - 9:53
4 - 15% - 10% - 6:34
Normal Defense
1 - 42% - 40% - 19:07
2 - 31% - 32% - 14:10
3 - 26% - 28% - 11:55
4 - 0% - 0% - 0:00
PP Forward
1 - 60% - 60% - 3:33
2 - 40% - 40% - 2:24
PP Defense
1 - 65% - 60% - 3:52
2 - 35% - 40% - 2:05
PK Forward
1 - 69% - 60% - 6:06
2 - 31% - 40% - 2:45
PK Defense
1 - 50% - 60% - 4:27
2 - 50% - 40% - 4:24
PK3 Forward
1 - 0% - 60%
2 - 0% - 40%
PK3 Defense
1 - 0% - 60%
2 - 0% - 40%
44 Forward
1 - 0% - 60%
2 - 0% - 40%
44 Defense
1 - 0% - 60%
2 - 0% - 40%
Last Minute Offensive - 0:00
Last Minute Defensive - 0:00
Total
Forward - 60:00
Defense - 60:00
|
% Time on Ice - Maple Leafs
Lines # - Real PCT - Wanted PCT - Time Play
Normal Forward
1 - 33% - 40% - 14:43
2 - 25% - 30% - 11:05
3 - 24% - 20% - 10:47
4 - 19% - 10% - 8:37
Normal Defense
1 - 41% - 40% - 18:25
2 - 35% - 30% - 15:50
3 - 22% - 20% - 10:02
4 - 2% - 10% - 0:55
PP Forward
1 - 60% - 60% - 5:16
2 - 40% - 40% - 3:35
PP Defense
1 - 75% - 60% - 6:40
2 - 25% - 40% - 2:11
PK Forward
1 - 93% - 60% - 5:33
2 - 7% - 40% - 0:24
PK Defense
1 - 56% - 60% - 3:21
2 - 44% - 40% - 2:36
PK3 Forward
1 - 0% - 60%
2 - 0% - 40%
PK3 Defense
1 - 0% - 60%
2 - 0% - 40%
44 Forward
1 - 0% - 60%
2 - 0% - 40%
44 Defense
1 - 0% - 60%
2 - 0% - 40%
Last Minute Offensive - 0:00
Last Minute Defensive - 0:00
Total
Forward - 60:00
Defense - 60:00
|
Play by Play
1st period
0:01 of 1st period - Jordan Staal wins face-off versus Brad Richards in neutral zone.
0:26 of 1st period - Kristopher Letang is hit by Tobias Enstrom and loses puck.
1:05 of 1st period - Braydon Coburn is hit by Anton Stralman and loses puck.
1:24 of 1st period - Wrist shot by Chris Stewart.
1:24 of 1st period - Shot Blocked by Braydon Coburn.
1:30 of 1st period - Chris Stewart is hit by Marc-Édouard Vlasic and loses puck.
1:46 of 1st period - Minor Penalty to Maxim Talbot for Interference.
1:47 of 1st period - Jordan Staal wins face-off versus Chad Larose in Coyotes zone.
1:52 of 1st period - Wrist shot by Artemi Panarin.
1:52 of 1st period - Deflect By Claude Giroux.
1:52 of 1st period - Shot Misses the Net.
1:52 of 1st period - Puck is out of play.
1:53 of 1st period - Jordan Staal wins face-off versus Ryane Clowe in Coyotes zone.
2:24 of 1st period - Ben Smith is hit by Brad Richards and loses puck.
3:10 of 1st period - Icing by Gilbert Brule.
3:11 of 1st period - Brad Richards wins face-off versus Gilbert Brule in Maple Leafs zone.
3:46 of 1st period - Penalty to Maxim Talbot is over, Maxim Talbot is back on ice.
3:48 of 1st period - Zach Parise is hit by Braydon Coburn and loses puck.
3:59 of 1st period - Zach Parise is hit by Marc-Édouard Vlasic and loses puck.
4:09 of 1st period - Slapshot by T.J Galiardi.
4:09 of 1st period - Stopped by Maxime Daigneault without a rebound.
4:10 of 1st period - Eric Nystrom wins face-off versus Brad Richards in Coyotes zone.
4:19 of 1st period - Wrist shot by Eric Nystrom.
4:19 of 1st period - Shot Misses the Net.
4:43 of 1st period - Slapshot by Chad Larose.
4:43 of 1st period - Stopped by Marc-André Fleury without a rebound.
4:44 of 1st period - Nazem Kadri wins face-off versus Jordan Staal in Maple Leafs zone.
5:27 of 1st period - Icing by Ryane Clowe.
5:28 of 1st period - Brooks Laich wins face-off versus Artemi Panarin in Coyotes zone.
5:38 of 1st period - Chad Larose is hit by Jordan Staal and loses puck.
5:45 of 1st period - Slapshot by Artemi Panarin.
5:45 of 1st period - Shot Blocked by Chad Larose.
6:28 of 1st period - Wrist shot by Zach Parise.
6:28 of 1st period - Shot Blocked by T.J Galiardi.
7:18 of 1st period - Minor Penalty to Brad Richards for Holding.
7:19 of 1st period - Artemi Panarin wins face-off versus Chad Larose in Coyotes zone.
7:41 of 1st period - Icing by Jordan Staal.
7:42 of 1st period - Maxim Talbot wins face-off versus Gilbert Brule in Maple Leafs zone.
7:47 of 1st period - Wrist shot by Zach Parise.
7:47 of 1st period - Shot Misses the Net.
7:55 of 1st period - Slapshot by Gilbert Brule.
7:55 of 1st period - Shot Blocked by Josh Gorges.
7:57 of 1st period - Snap shot by Tobias Enstrom.
7:57 of 1st period - Shot Blocked by Josh Gorges.
7:59 of 1st period - Snap shot by Ben Smith.
7:59 of 1st period - Shot Blocked by Josh Gorges.
9:18 of 1st period - Penalty to Brad Richards is over, Brad Richards is back on ice.
10:16 of 1st period - Icing by Josh Gorges.
10:17 of 1st period - Zac Dalpe wins face-off versus Brad Richards in Coyotes zone.
10:36 of 1st period - Snap shot by Zac Dalpe.
10:36 of 1st period - Shot Misses the Net.
11:50 of 1st period - Slapshot by T.J Galiardi.
11:50 of 1st period - Shot Blocked by Anton Stralman.
12:33 of 1st period - Off-side.
12:34 of 1st period - Jordan Staal wins face-off versus Nazem Kadri in neutral zone.
12:47 of 1st period - Snap shot by Zach Parise.
12:47 of 1st period - Deflect By Marek Svatos.
12:47 of 1st period - Stopped by Marc-André Fleury without a rebound.
12:48 of 1st period - Nazem Kadri wins face-off versus Jordan Staal in Maple Leafs zone.
12:51 of 1st period - Snap shot by Zach Parise.
12:51 of 1st period - Deflect By Jordan Staal.
12:51 of 1st period - Shot Misses the Net.
12:51 of 1st period - Puck is out of play.
12:52 of 1st period - Nazem Kadri wins face-off versus Jordan Staal in Maple Leafs zone.
12:53 of 1st period - Snap shot by Marek Svatos.
12:53 of 1st period - Stopped by Marc-André Fleury without a rebound.
12:54 of 1st period - Jordan Staal wins face-off versus Nazem Kadri in Maple Leafs zone.
13:09 of 1st period - Snap shot by Artemi Panarin.
13:09 of 1st period - Stopped by Maxime Daigneault with a rebound.
13:11 of 1st period - Snap shot by Marc-Édouard Vlasic.
13:11 of 1st period - Stopped by Maxime Daigneault without a rebound.
13:12 of 1st period - Ben Smith wins face-off versus Maxim Talbot in Coyotes zone.
13:17 of 1st period - Snap shot by Fabian Brunnstrom.
13:17 of 1st period - Shot Misses the Net.
13:23 of 1st period - Wrist shot by Fabian Brunnstrom.
13:23 of 1st period - Deflect By Ben Smith.
13:23 of 1st period - Shot Misses the Net.
13:23 of 1st period - Puck is out of play.
13:24 of 1st period - Nazem Kadri wins face-off versus Claude Giroux in Coyotes zone.
13:26 of 1st period - Minor Penalty to Zach Parise for Hooking.
13:27 of 1st period - Jordan Staal wins face-off versus Chad Larose in Coyotes zone.
13:29 of 1st period - Wrist shot by Jordan Staal.
13:29 of 1st period - Shot Blocked by Josh Gorges.
13:35 of 1st period - Wrist shot by Martin Samuelsson.
13:35 of 1st period - Stopped by Marc-André Fleury without a rebound.
13:36 of 1st period - Jordan Staal wins face-off versus Chad Larose in Maple Leafs zone.
13:44 of 1st period - Slapshot by Greg Zanon.
13:44 of 1st period - Shot Blocked by Tobias Enstrom.
13:46 of 1st period - Wrist shot by Chad Larose.
13:46 of 1st period - Shot Blocked by Artemi Panarin.
13:50 of 1st period - Wrist shot by Chad Larose.
13:50 of 1st period - Deflect By Martin Samuelsson.
13:50 of 1st period - Stopped by Marc-André Fleury with a rebound.
13:52 of 1st period - Snap shot by Josh Gorges.
13:52 of 1st period - Shot Blocked by Artemi Panarin.
13:54 of 1st period - Snap shot by Chad Larose.
13:54 of 1st period - Shot Hit the Post.
13:56 of 1st period - Slapshot by Josh Gorges.
13:56 of 1st period - Shot Blocked by Claude Giroux.
14:24 of 1st period - Wrist shot by Artemi Panarin.
14:24 of 1st period - Deflect By Jordan Staal.
14:24 of 1st period - Stopped by Maxime Daigneault with a rebound.
14:38 of 1st period - Wrist shot by Claude Giroux.
14:38 of 1st period - Shot Misses the Net.
14:40 of 1st period - Snap shot by Jordan Staal.
14:40 of 1st period - Shot Blocked by Kristopher Letang.
14:42 of 1st period - Backhand shot by Artemi Panarin.
14:42 of 1st period - Shot Misses the Net.
14:44 of 1st period - Wrist shot by Claude Giroux.
14:44 of 1st period - Shot Misses the Net.
14:46 of 1st period - Slapshot by Jordan Staal.
14:46 of 1st period - Shot Misses the Net.
15:04 of 1st period - Wrist shot by Claude Giroux.
15:04 of 1st period - Stopped by Maxime Daigneault with a rebound.
15:06 of 1st period - Snap shot by Jordan Staal.
15:06 of 1st period - Stopped by Maxime Daigneault with a rebound.
15:08 of 1st period - Snap shot by Artemi Panarin.
15:08 of 1st period - Goal by Artemi Panarin - Coyotes : 0 - Maple Leafs : 1.
15:09 of 1st period - Mark Scheifele wins face-off versus Nazem Kadri in neutral zone.
15:26 of 1st period - Backhand shot by Fabian Brunnstrom.
15:26 of 1st period - Shot Misses the Net.
16:09 of 1st period - Wrist shot by Tyler Ennis.
16:09 of 1st period - Stopped by Marc-André Fleury without a rebound.
16:10 of 1st period - Maxim Talbot wins face-off versus Mark Scheifele in Maple Leafs zone.
16:23 of 1st period - Snap shot by Maxim Talbot.
16:23 of 1st period - Deflect By Martin Samuelsson.
16:23 of 1st period - Shot Blocked by John Klingberg.
16:23 of 1st period - Puck is out of play.
16:24 of 1st period - Jordan Staal wins face-off versus Brad Richards in Maple Leafs zone.
16:29 of 1st period - Slapshot by Claude Giroux.
16:29 of 1st period - Shot Misses the Net.
16:35 of 1st period - Slapshot by Anton Stralman.
16:35 of 1st period - Deflect By Marian Gaborik.
16:35 of 1st period - Stopped by Marc-André Fleury with a rebound.
16:37 of 1st period - Snap shot by Marian Gaborik.
16:37 of 1st period - Shot Misses the Net.
16:39 of 1st period - Wrist shot by Brad Richards.
16:39 of 1st period - Shot Misses the Net.
16:41 of 1st period - Slapshot by Marian Gaborik.
16:41 of 1st period - Stopped by Marc-André Fleury with a rebound.
16:51 of 1st period - Marek Svatos is hit by Fabian Brunnstrom and loses puck.
17:53 of 1st period - Double Minor Penalty to Thomas Hickey for Roughing.
17:54 of 1st period - Jordan Staal wins face-off versus Chad Larose in Coyotes zone.
18:07 of 1st period - Snap shot by Jordan Staal.
18:07 of 1st period - Goal by Jordan Staal - Coyotes : 0 - Maple Leafs : 2.
18:08 of 1st period - Jordan Staal wins face-off versus Chad Larose in neutral zone.
Goals for this period are 0 for Coyotes vs 2 for Maple Leafs.
Shots for this period are 8 for Coyotes vs 8 for Maple Leafs.
2nd period
0:01 of 2nd period - Chad Larose wins face-off versus Jordan Staal in neutral zone.
0:07 of 2nd period - Penalty to Thomas Hickey is over, Thomas Hickey is back on ice.
0:32 of 2nd period - Snap shot by Gilbert Brule.
0:32 of 2nd period - Stopped by Maxime Daigneault with a rebound.
0:42 of 2nd period - Slapshot by Josh Gorges.
0:42 of 2nd period - Shot Misses the Net.
0:44 of 2nd period - Slapshot by Greg Zanon.
0:44 of 2nd period - Stopped by Marc-André Fleury without a rebound.
0:45 of 2nd period - Jordan Staal wins face-off versus Nazem Kadri in Maple Leafs zone.
1:37 of 2nd period - Martin Samuelsson is hit by Gilbert Brule and loses puck.
2:03 of 2nd period - Icing by Greg Zanon.
2:04 of 2nd period - Brooks Laich wins face-off versus Jordan Staal in Coyotes zone.
2:04 of 2nd period - Brooks Laich is hit by John Klingberg.
2:10 of 2nd period - Snap shot by Greg Zanon.
2:10 of 2nd period - Stopped by Marc-André Fleury without a rebound.
2:11 of 2nd period - Nazem Kadri wins face-off versus Jordan Staal in Maple Leafs zone.
2:14 of 2nd period - Snap shot by Zach Parise.
2:14 of 2nd period - Stopped by Marc-André Fleury with a rebound.
2:16 of 2nd period - Wrist shot by Zach Parise.
2:16 of 2nd period - Shot Misses the Net.
2:18 of 2nd period - Slapshot by Michael Del Zotto.
2:18 of 2nd period - Deflect By Marek Svatos.
2:18 of 2nd period - Shot Blocked by John Klingberg.
2:18 of 2nd period - Puck is out of play.
2:19 of 2nd period - Nazem Kadri wins face-off versus Jordan Staal in Maple Leafs zone.
2:26 of 2nd period - Snap shot by Marek Svatos.
2:26 of 2nd period - Shot Blocked by Tobias Enstrom.
2:28 of 2nd period - Minor Penalty to Claude Giroux for High sticking.
2:29 of 2nd period - Eric Nystrom wins face-off versus Brad Richards in Maple Leafs zone.
2:38 of 2nd period - Jordan Staal is hit by Brad Richards and loses puck.
2:45 of 2nd period - Wrist shot by Brad Richards.
2:45 of 2nd period - Stopped by Marc-André Fleury with a rebound.
3:19 of 2nd period - Brad Richards is hit by Tobias Enstrom and loses puck.
4:28 of 2nd period - Penalty to Claude Giroux is over, Claude Giroux is back on ice.
4:40 of 2nd period - Mark Scheifele is hit by Maxim Talbot and loses puck.
4:59 of 2nd period - Slapshot by Tobias Enstrom.
4:59 of 2nd period - Shot Misses the Net.
5:01 of 2nd period - Wrist shot by Jeremy Morin.
5:01 of 2nd period - Stopped by Maxime Daigneault with a rebound.
5:03 of 2nd period - Slapshot by Zac Dalpe.
5:03 of 2nd period - Shot Misses the Net.
5:26 of 2nd period - Martin Samuelsson is hit by Marc-Édouard Vlasic and loses puck.
6:19 of 2nd period - Marian Gaborik is hit by Tobias Enstrom and loses puck.
6:37 of 2nd period - Martin Samuelsson is hit by Taylor Chorney and loses puck.
6:55 of 2nd period - Eric Nystrom is hit by Kristopher Letang and loses puck.
7:12 of 2nd period - Maxim Talbot is hit by Tobias Enstrom.
7:16 of 2nd period - John Klingberg is hit by Martin Samuelsson and loses puck.
7:29 of 2nd period - Michael Del Zotto is hit by Artemi Panarin and loses puck.
8:15 of 2nd period - Thomas Hickey is hit by T.J Galiardi.
8:28 of 2nd period - Icing by Tyler Ennis.
8:29 of 2nd period - Brad Richards wins face-off versus Mark Scheifele in Coyotes zone.
8:29 of 2nd period - Brad Richards is hit by Ben Smith.
8:39 of 2nd period - Snap shot by Tyler Ennis.
8:39 of 2nd period - Shot Misses the Net.
8:41 of 2nd period - Slapshot by Kristopher Letang.
8:41 of 2nd period - Deflect By Marian Gaborik.
8:41 of 2nd period - Stopped by Marc-André Fleury with a rebound.
8:59 of 2nd period - Wrist shot by Gilbert Brule.
8:59 of 2nd period - Shot Misses the Net.
9:01 of 2nd period - Wrist shot by John Klingberg.
9:01 of 2nd period - Stopped by Maxime Daigneault without a rebound.
9:02 of 2nd period - Gilbert Brule wins face-off versus Nazem Kadri in Coyotes zone.
9:21 of 2nd period - Snap shot by Blake Comeau.
9:21 of 2nd period - Stopped by Maxime Daigneault with a rebound.
9:23 of 2nd period - Slapshot by Blake Comeau.
9:23 of 2nd period - Shot Misses the Net.
9:29 of 2nd period - Wrist shot by Blake Comeau.
9:29 of 2nd period - Shot Misses the Net.
9:31 of 2nd period - Wrist shot by Tobias Enstrom.
9:31 of 2nd period - Stopped by Maxime Daigneault with a rebound.
9:33 of 2nd period - Slapshot by John Klingberg.
9:33 of 2nd period - Stopped by Maxime Daigneault with a rebound.
9:49 of 2nd period - Wrist shot by Zach Parise.
9:49 of 2nd period - Shot Misses the Net.
10:25 of 2nd period - Nazem Kadri is hit by Gilbert Brule and loses puck.
11:06 of 2nd period - Snap shot by Blake Comeau.
11:06 of 2nd period - Shot Misses the Net.
11:08 of 2nd period - Snap shot by Blake Comeau.
11:08 of 2nd period - Stopped by Maxime Daigneault without a rebound.
11:09 of 2nd period - Brad Richards wins face-off versus Jordan Staal in Coyotes zone.
11:40 of 2nd period - Braydon Coburn is hit by Chad Larose and loses puck.
12:01 of 2nd period - Icing by Thomas Hickey.
12:02 of 2nd period - Maxim Talbot wins face-off versus Zac Dalpe in Coyotes zone.
12:37 of 2nd period - Zac Dalpe is hit by Maxim Talbot.
13:01 of 2nd period - Wrist shot by Chris Stewart.
13:01 of 2nd period - Shot Misses the Net.
13:03 of 2nd period - Wrist shot by Maxim Talbot.
13:03 of 2nd period - Shot Misses the Net.
13:22 of 2nd period - Off-side.
13:23 of 2nd period - Jordan Staal wins face-off versus Brad Richards in neutral zone.
13:26 of 2nd period - Anton Stralman is hit by Artemi Panarin.
13:36 of 2nd period - Marc-Édouard Vlasic is hit by Brad Richards and loses puck.
13:49 of 2nd period - Ryane Clowe is hit by Ben Smith.
14:59 of 2nd period - Jordan Staal is hit by Tyler Ennis and loses puck.
15:10 of 2nd period - Thomas Hickey is hit by Taylor Chorney and loses puck.
15:51 of 2nd period - Snap shot by Ryane Clowe.
15:51 of 2nd period - Stopped by Marc-André Fleury without a rebound.
15:52 of 2nd period - Brad Richards wins face-off versus Gilbert Brule in Maple Leafs zone.
16:15 of 2nd period - Jordan Staal is hit by Kristopher Letang.
16:19 of 2nd period - Wrist shot by Marek Svatos.
16:19 of 2nd period - Stopped by Marc-André Fleury without a rebound.
16:20 of 2nd period - Claude Giroux wins face-off versus Nazem Kadri in Maple Leafs zone.
16:33 of 2nd period - Snap shot by Claude Giroux.
16:33 of 2nd period - Goal by Claude Giroux - Coyotes : 0 - Maple Leafs : 3.
16:34 of 2nd period - Tyler Ennis wins face-off versus Jordan Staal in neutral zone.
16:37 of 2nd period - Braydon Coburn is hit by Tyler Ennis.
17:05 of 2nd period - Snap shot by Zach Parise.
17:05 of 2nd period - Shot Blocked by Braydon Coburn.
17:33 of 2nd period - Snap shot by Jeremy Morin.
17:33 of 2nd period - Shot Misses the Net.
17:35 of 2nd period - Slapshot by Taylor Chorney.
17:35 of 2nd period - Stopped by Maxime Daigneault with a rebound.
17:37 of 2nd period - Slapshot by Jeremy Morin.
17:37 of 2nd period - Stopped by Maxime Daigneault with a rebound.
17:49 of 2nd period - Snap shot by Brad Richards.
17:49 of 2nd period - Shot Misses the Net.
18:13 of 2nd period - Wrist shot by Zach Parise.
18:13 of 2nd period - Deflect By Nazem Kadri.
18:13 of 2nd period - Shot Blocked by Jordan Staal.
18:13 of 2nd period - Puck is out of play.
18:14 of 2nd period - Brad Richards wins face-off versus Jordan Staal in Maple Leafs zone.
18:15 of 2nd period - Wrist shot by Marian Gaborik.
18:15 of 2nd period - Deflect By Tyler Ennis.
18:15 of 2nd period - Goal by Tyler Ennis - Coyotes : 1 - Maple Leafs : 3.
18:16 of 2nd period - Marian Gaborik wins face-off versus Jordan Staal in neutral zone.
18:19 of 2nd period - Wrist shot by Tyler Ennis.
18:19 of 2nd period - Stopped by Marc-André Fleury without a rebound.
18:20 of 2nd period - Jordan Staal wins face-off versus Brad Richards in Maple Leafs zone.
18:25 of 2nd period - Thomas Hickey is hit by Tobias Enstrom and loses puck.
18:54 of 2nd period - Wrist shot by Zach Parise.
18:54 of 2nd period - Stopped by Marc-André Fleury with a rebound.
19:30 of 2nd period - Kristopher Letang is hit by Braydon Coburn and loses puck.
19:55 of 2nd period - Minor Penalty to Jeremy Morin for Hooking.
19:56 of 2nd period - Claude Giroux wins face-off versus Brad Richards in Maple Leafs zone.
Goals for this period are 1 for Coyotes vs 1 for Maple Leafs.
Shots for this period are 10 for Coyotes vs 10 for Maple Leafs.
3rd period
0:01 of 3rd period - Claude Giroux wins face-off versus Brad Richards in neutral zone.
0:54 of 3rd period - Artemi Panarin is hit by Zach Parise and loses puck.
1:55 of 3rd period - Penalty to Jeremy Morin is over, Jeremy Morin is back on ice.
1:59 of 3rd period - Mark Scheifele is hit by Martin Samuelsson and loses puck.
2:04 of 3rd period - Slapshot by Maxim Talbot.
2:04 of 3rd period - Stopped by Marc-André Fleury with a rebound.
2:06 of 3rd period - Snap shot by Chris Stewart.
2:06 of 3rd period - Shot Misses the Net.
2:08 of 3rd period - Slapshot by Thomas Hickey.
2:08 of 3rd period - Shot Misses the Net.
2:32 of 3rd period - Greg Zanon is hit by Eric Nystrom and loses puck.
4:15 of 3rd period - Thomas Hickey is hit by Ben Smith and loses puck.
4:26 of 3rd period - Jordan Staal is hit by Maxim Talbot.
4:30 of 3rd period - Chris Stewart is hit by Jordan Staal and loses puck.
4:49 of 3rd period - Marek Svatos is hit by Jeremy Morin.
4:53 of 3rd period - Nazem Kadri is hit by Jeremy Morin and loses puck.
5:15 of 3rd period - Backhand shot by Michael Del Zotto.
5:15 of 3rd period - Shot Blocked by Blake Comeau.
5:17 of 3rd period - Slapshot by Ryane Clowe.
5:17 of 3rd period - Deflect By Chad Larose.
5:17 of 3rd period - Shot Misses the Net.
5:17 of 3rd period - Puck is out of play.
5:18 of 3rd period - Gilbert Brule wins face-off versus Brad Richards in Maple Leafs zone.
5:33 of 3rd period - Wrist shot by Tyler Ennis.
5:33 of 3rd period - Stopped by Marc-André Fleury without a rebound.
5:34 of 3rd period - Artemi Panarin wins face-off versus Nazem Kadri in Maple Leafs zone.
5:41 of 3rd period - Snap shot by Claude Giroux.
5:41 of 3rd period - Stopped by Maxime Daigneault with a rebound.
5:43 of 3rd period - Wrist shot by Claude Giroux.
5:43 of 3rd period - Stopped by Maxime Daigneault without a rebound.
5:44 of 3rd period - Zach Parise wins face-off versus Jordan Staal in Coyotes zone.
5:51 of 3rd period - Slapshot by Michael Del Zotto.
5:51 of 3rd period - Shot Blocked by Braydon Coburn.
6:03 of 3rd period - Wrist shot by Jordan Staal.
6:03 of 3rd period - Stopped by Maxime Daigneault with a rebound.
6:05 of 3rd period - Wrist shot by Artemi Panarin.
6:05 of 3rd period - Shot Blocked by Zach Parise.
6:07 of 3rd period - Slapshot by Braydon Coburn.
6:07 of 3rd period - Shot Misses the Net.
6:09 of 3rd period - Slapshot by Braydon Coburn.
6:09 of 3rd period - Shot Misses the Net.
6:11 of 3rd period - Wrist shot by Jordan Staal.
6:11 of 3rd period - Shot Misses the Net.
6:21 of 3rd period - Slapshot by Jordan Staal.
6:21 of 3rd period - Shot Misses the Net.
6:23 of 3rd period - Slapshot by Marc-Édouard Vlasic.
6:23 of 3rd period - Shot Blocked by Michael Del Zotto.
6:25 of 3rd period - Slapshot by Marc-Édouard Vlasic.
6:25 of 3rd period - Stopped by Maxime Daigneault without a rebound.
6:26 of 3rd period - Brad Richards wins face-off versus Mark Scheifele in Coyotes zone.
6:31 of 3rd period - Slapshot by Brad Richards.
6:31 of 3rd period - Stopped by Marc-André Fleury without a rebound.
6:32 of 3rd period - Brad Richards wins face-off versus Mark Scheifele in Maple Leafs zone.
6:43 of 3rd period - Wrist shot by Marian Gaborik.
6:43 of 3rd period - Shot Blocked by Tobias Enstrom.
7:43 of 3rd period - Slapshot by Brad Richards.
7:43 of 3rd period - Stopped by Marc-André Fleury without a rebound.
7:44 of 3rd period - Tyler Ennis wins face-off versus Artemi Panarin in Maple Leafs zone.
7:45 of 3rd period - Snap shot by Marian Gaborik.
7:45 of 3rd period - Stopped by Marc-André Fleury without a rebound.
7:46 of 3rd period - Brad Richards wins face-off versus Jordan Staal in Maple Leafs zone.
7:47 of 3rd period - Wrist shot by Tyler Ennis.
7:47 of 3rd period - Stopped by Marc-André Fleury without a rebound.
7:48 of 3rd period - Brad Richards wins face-off versus Jordan Staal in Maple Leafs zone.
8:20 of 3rd period - Taylor Chorney is hit by Anton Stralman and loses puck.
8:34 of 3rd period - Anton Stralman is hit by Tobias Enstrom and loses puck.
8:42 of 3rd period - Slapshot by Anton Stralman.
8:42 of 3rd period - Shot Misses the Net.
8:44 of 3rd period - Wrist shot by Martin Samuelsson.
8:44 of 3rd period - Stopped by Marc-André Fleury with a rebound.
8:46 of 3rd period - Wrist shot by Kristopher Letang.
8:46 of 3rd period - Shot Misses the Net.
8:48 of 3rd period - Wrist shot by Maxim Talbot.
8:48 of 3rd period - Shot Misses the Net.
10:07 of 3rd period - Slapshot by Maxim Talbot.
10:07 of 3rd period - Stopped by Marc-André Fleury with a rebound.
10:09 of 3rd period - Snap shot by Chris Stewart.
10:09 of 3rd period - Goal by Chris Stewart - Coyotes : 2 - Maple Leafs : 3.
10:10 of 3rd period - Brad Richards wins face-off versus Claude Giroux in neutral zone.
10:15 of 3rd period - Wrist shot by Brad Richards.
10:15 of 3rd period - Shot Misses the Net.
10:21 of 3rd period - Wrist shot by Tyler Ennis.
10:21 of 3rd period - Shot Misses the Net.
10:57 of 3rd period - Off-side.
10:58 of 3rd period - Blake Comeau wins face-off versus Maxim Talbot in neutral zone.
11:04 of 3rd period - Off-side.
11:05 of 3rd period - Jordan Staal wins face-off versus Marian Gaborik in neutral zone.
11:08 of 3rd period - Slapshot by Tobias Enstrom.
11:08 of 3rd period - Shot Blocked by Tyler Ennis.
11:10 of 3rd period - Slapshot by John Klingberg.
11:10 of 3rd period - Shot Blocked by Anton Stralman.
11:20 of 3rd period - Snap shot by Artemi Panarin.
11:20 of 3rd period - Deflect By Tyler Ennis.
11:20 of 3rd period - Shot Misses the Net.
11:20 of 3rd period - Puck is out of play.
11:21 of 3rd period - Mark Scheifele wins face-off versus Nazem Kadri in Coyotes zone.
11:32 of 3rd period - Wrist shot by Anton Stralman.
11:32 of 3rd period - Stopped by Marc-André Fleury without a rebound.
11:33 of 3rd period - Jordan Staal wins face-off versus Brad Richards in Maple Leafs zone.
11:48 of 3rd period - Backhand shot by Claude Giroux.
11:48 of 3rd period - Stopped by Maxime Daigneault with a rebound.
12:06 of 3rd period - Snap shot by Nazem Kadri.
12:06 of 3rd period - Shot Misses the Net.
12:08 of 3rd period - Slapshot by Anton Stralman.
12:08 of 3rd period - Shot Misses the Net.
12:10 of 3rd period - Wrist shot by Nazem Kadri.
12:10 of 3rd period - Shot Misses the Net.
12:26 of 3rd period - Slapshot by Tobias Enstrom.
12:26 of 3rd period - Stopped by Maxime Daigneault without a rebound.
12:27 of 3rd period - Gilbert Brule wins face-off versus Marian Gaborik in Coyotes zone.
12:44 of 3rd period - Slapshot by Blake Comeau.
12:44 of 3rd period - Deflect By Gilbert Brule.
12:44 of 3rd period - Shot Blocked by Tyler Ennis.
12:44 of 3rd period - Puck is out of play.
12:45 of 3rd period - Nazem Kadri wins face-off versus Jordan Staal in Coyotes zone.
12:45 of 3rd period - Nazem Kadri is hit by Jordan Staal.
12:50 of 3rd period - Off-side.
12:51 of 3rd period - Nazem Kadri wins face-off versus Jordan Staal in neutral zone.
13:29 of 3rd period - Minor Penalty to Claude Giroux for Roughing.
13:30 of 3rd period - Brad Richards wins face-off versus Eric Nystrom in Maple Leafs zone.
13:34 of 3rd period - Backhand shot by Marian Gaborik.
13:34 of 3rd period - Shot Blocked by Braydon Coburn.
13:36 of 3rd period - Slapshot by Kristopher Letang.
13:36 of 3rd period - Stopped by Marc-André Fleury without a rebound.
13:37 of 3rd period - Brad Richards wins face-off versus Eric Nystrom in Maple Leafs zone.
14:22 of 3rd period - Ryan Parent is hit by Brad Richards and loses puck.
14:56 of 3rd period - Wrist shot by Brad Richards.
14:56 of 3rd period - Stopped by Marc-André Fleury without a rebound.
14:57 of 3rd period - Eric Nystrom wins face-off versus Marek Svatos in Maple Leafs zone.
15:29 of 3rd period - Penalty to Claude Giroux is over, Claude Giroux is back on ice.
15:34 of 3rd period - Mark Scheifele is hit by Maxim Talbot and loses puck.
15:45 of 3rd period - Snap shot by Martin Samuelsson.
15:45 of 3rd period - Stopped by Marc-André Fleury with a rebound.
15:51 of 3rd period - Snap shot by Claude Giroux.
15:51 of 3rd period - Shot Misses the Net.
15:53 of 3rd period - Snap shot by Claude Giroux.
15:53 of 3rd period - Shot Misses the Net.
15:55 of 3rd period - Snap shot by Tobias Enstrom.
15:55 of 3rd period - Stopped by Maxime Daigneault without a rebound.
15:56 of 3rd period - Brooks Laich wins face-off versus Gilbert Brule in Coyotes zone.
15:56 of 3rd period - Brooks Laich is hit by Eric Nystrom.
16:24 of 3rd period - Icing by Jordan Staal.
16:25 of 3rd period - Nazem Kadri wins face-off versus Jordan Staal in Maple Leafs zone.
16:56 of 3rd period - Wrist shot by Fabian Brunnstrom.
16:56 of 3rd period - Deflect By Jordan Staal.
16:56 of 3rd period - Shot Blocked by Anton Stralman.
16:56 of 3rd period - Puck is out of play.
16:57 of 3rd period - Gilbert Brule wins face-off versus Maxim Talbot in Coyotes zone.
17:07 of 3rd period - Snap shot by Chris Stewart.
17:07 of 3rd period - Stopped by Marc-André Fleury with a rebound.
17:09 of 3rd period - Wrist shot by Chris Stewart.
17:09 of 3rd period - Shot Misses the Net.
17:11 of 3rd period - Snap shot by Josh Gorges.
17:11 of 3rd period - Shot Misses the Net.
17:13 of 3rd period - Slapshot by Michael Del Zotto.
17:13 of 3rd period - Shot Misses the Net.
18:12 of 3rd period - Wrist shot by Claude Giroux.
18:12 of 3rd period - Stopped by Maxime Daigneault without a rebound.
18:13 of 3rd period - Jordan Staal wins face-off versus Maxim Talbot in Coyotes zone.
18:38 of 3rd period - Wrist shot by Artemi Panarin.
18:38 of 3rd period - Shot Misses the Net.
18:40 of 3rd period - Minor Penalty to Marian Gaborik for Hooking.
18:41 of 3rd period - Gilbert Brule wins face-off versus Chad Larose in Coyotes zone.
18:44 of 3rd period - Slapshot by Ben Smith.
18:44 of 3rd period - Deflect By Fabian Brunnstrom.
18:44 of 3rd period - Stopped by Maxime Daigneault with a rebound.
18:46 of 3rd period - Slapshot by Tobias Enstrom.
18:46 of 3rd period - Stopped by Maxime Daigneault with a rebound.
18:48 of 3rd period - Slapshot by Tobias Enstrom.
18:48 of 3rd period - Deflect By Gilbert Brule.
18:48 of 3rd period - Shot Misses the Net.
18:48 of 3rd period - Puck is out of play.
18:49 of 3rd period - Mike Keenan call a timeout for Coyotes.
18:49 of 3rd period - Gilbert Brule wins face-off versus Chad Larose in Coyotes zone.
18:52 of 3rd period - Snap shot by Ben Smith.
18:52 of 3rd period - Stopped by Maxime Daigneault with a rebound.
19:20 of 3rd period - Slapshot by Fabian Brunnstrom.
19:20 of 3rd period - Stopped by Maxime Daigneault with a rebound.
19:22 of 3rd period - Wrist shot by John Klingberg.
19:22 of 3rd period - Shot Misses the Net.
19:38 of 3rd period - Wrist shot by Gilbert Brule.
19:38 of 3rd period - Goal by Gilbert Brule - Coyotes : 2 - Maple Leafs : 4.
19:39 of 3rd period - Nazem Kadri wins face-off versus Mark Scheifele in neutral zone.
19:51 of 3rd period - Wrist shot by Marek Svatos.
19:51 of 3rd period - Shot Misses the Net.
Goals for this period are 1 for Coyotes vs 1 for Maple Leafs.
Shots for this period are 14 for Coyotes vs 13 for Maple Leafs.
Back to the Top